 Dungeon Crawl Stone Soup version 0.23.0-42-geed6394 (webtiles) character file.

Game seed: 17221919737585928342

192 Luthien the Conjurer (level 5, -6/28 HPs)
             Began as a Deep Elf Conjurer on Feb 28, 2019.
             Killed by divine providence
             ... invoked by an orc priest
              (13 damage)
             ... on level 3 of the Dungeon.
             The game lasted 00:16:11 (4000 turns).

Luthien the Conjurer (Deep Elf Conjurer)            Turns: 4000, Time: 00:16:12

Health: -6/28      AC:  6    Str:  5    XL:     5   Next: 42%
Magic:  13/20      EV: 12    Int: 20    God:
Gold:   189        SH:  0    Dex: 16    Spells: 3/10 levels left

rFire    . . .     SeeInvis .   (no weapon)
rCold    . . .     Gourm    .   (no shield)
rNeg     . . .     Faith    .   x - +3 leather armour
rPois    .         Spirit   .   (no helmet)
rElec    .         Reflect  .   (no cloak)
rCorr    .         Harm     .   (no gloves)
MR       .....                  (no boots)
Stlth    ++........             (no amulet)
HPRegen  0.09/turn              z - ring of magical power
MPRegen  0.17/turn              (no ring)

@: very slightly contaminated
A: no striking features
a: no special abilities


You were on level 3 of the Dungeon.
You were not hungry.

You visited 1 branch of the dungeon, and saw 4 of its levels.

You collected 189 gold pieces.

Inventory:

Hand Weapons
 v - a +0 hunting sling
Missiles
 d - 206 stones (quivered)
 e - 34 poisoned needles
Armour
 a - a +0 robe
 m - a +0 leather armour
 n - a +0 leather armour
 x - a +3 leather armour (worn)
 y - a +0 robe
Jewellery
 z - a ring of magical power (left hand)
Wands
 C - a wand of paralysis (10)
Scrolls
 f - a scroll of teleportation {unknown}
 g - 2 scrolls of fear {unknown}
 h - 2 scrolls of remove curse {unknown}
 i - a scroll of enchant armour {unknown}
 k - 2 scrolls of amnesia {unknown}
 o - a scroll of random uselessness {unknown}
 p - 7 scrolls of identify {unknown}
 t - 2 scrolls of enchant weapon {unknown}
 w - 2 scrolls of blinking {unknown}
 A - a scroll of noise {unknown}
Potions
 b - a potion of heal wounds {unknown}
 j - a potion of magic {unknown}
 l - a potion of resistance {unknown}
 q - a potion of might {unknown}
 r - 3 potions of curing {unknown}
 s - 3 potions of agility {unknown}
 u - 2 potions of mutation {unknown}
 B - a potion of degeneration {unknown}
Comestibles
 c - 6 rations
 D - 7 chunks of flesh


   Skills:
 - Level 2.4 Dodging
 - Level 2.4 Stealth
 - Level 3.0 Spellcasting
 + Level 7.2 Conjurations
 + Level 1.5 Hexes


You had 3 spell levels left.
You knew the following spells:

 Your Spells              Type           Power        Failure   Level  Hunger
a - Magic Dart            Conj           ####         1%          1    None
b - Searing Ray           Conj           ####..       1%          2    ##.....
c - Fulminant Prism       Conj/Hex       ###.......   36%         4    ####...

Your spell library contained the following spells:

 Spells                   Type           Power        Failure   Level  Hunger
 Dazzling Spray           Conj/Hex       ###...       12%         3    ###....
 Iskenderun's Mystic Bla  Conj           ####....     12%         4    ####...
 Force Lance              Conj/Tloc      ###.....     47%         4    ####...


Dungeon Overview and Level Annotations

Branches:
Dungeon (4/15)
 Temple: D:4-7

Altars:
Ashenzari
Cheibriados
Qazlal
Ru


Message History

The magic dart hits the orc priest but does no damage.
The orc priest is lightly wounded.
The orc priest barely misses you.
The orc priest miscasts a cantrip.
You climb upwards.
There is a stone staircase leading down here.
Casting: Magic Dart (safe; 1% risk of failure)
Confirm with . or Enter, or press ? or * to list all spells.
Aiming: Searing Ray (safe; 1% risk of failure)
Press: ? - help, Shift-Dir - straight line, f - orc priest
Aim: an orc priest, wielding a +0 whip and wearing a cursed -2 ring mail (lightly wounded)
The searing ray misses the orc priest. (Press . to maintain the ray.)
The orc priest hits you with a +0 whip.
* * * LOW HITPOINT WARNING * * *
The searing ray hits the orc priest.
The orc priest is heavily wounded.
The orc priest invokes the aid of Beogh against you.
Beogh smites you!
You die...

#.......#########.#
#....#..# #.# #
######..# #.# #
#..####### #.# #
##.......# #.#
#...###.###.#
##..#.......#
####o...#.#####
#....@....#.#
##.##[#####.# #.##.# #.#
##### #....# #.# ....#
########### #)# ###.#
#...# #.#
###.####.#.###########.#
....................)..#
###.####.#.###########.#


You could see an orc priest.

Vanquished Creatures
  7 gnolls
  5 adders
  2 oozes
  2 worms (D:3)
  3 dart slugs
  2 leopard geckos
  2 orcs
  A ball python (D:1)
  3 bats
  4 giant cockroaches
  6 goblins
  5 hobgoblins
  3 jackals
  A quokka (D:2)
  2 frilled lizards
  10 kobolds
  3 rats
61 creatures vanquished.

Notes
Turn   | Place    | Note
-------+----------+-------------------------------------------
     0 | D:1      | Luthien the Deep Elf Conjurer began the quest for the Orb.
     0 | D:1      | Reached XP level 1. HP: 10/10 MP: 6/6
   450 | D:1      | Reached XP level 2. HP: 15/15 MP: 6/8
   454 | D:1      | Learned a level 2 spell: Searing Ray
   486 | D:1      | Reached skill level 5 in Conjurations
   944 | D:1      | Reached XP level 3. HP: 19/19 MP: 4/9
  1546 | D:2      | Found a stormy altar of Qazlal.
  1676 | D:2      | Reached skill level 6 in Conjurations
  1920 | D:2      | Reached XP level 4. HP: 19/24 MP: 6/10
  2066 | D:2      | Found a snail-covered altar of Cheibriados.
  2445 | D:3      | Reached skill level 7 in Conjurations
  2445 | D:3      | Reached XP level 5. HP: 17/28 MP: 7/11
  2970 | D:3      | Learned a level 4 spell: Fulminant Prism
  3130 | D:3      | Found a sacrificial altar of Ru.
  3551 | D:3      | Reached skill level 1 in Hexes
  3869 | D:4      | Found a shattered altar of Ashenzari.
  4000 | D:3      | Killed from afar by an orc priest

Skill      XL: |  1  2  3  4  5 |
---------------+----------------+-----
Conjurations   | 5 6 7 |  7.2
Hexes          | 1 |  1.5
Dodging        | |  2.4
Stealth        | |  2.4
Spellcasting   | |  3.0

Action                   |  1- 3 |  4- 6 || total
-------------------------+-------+-------++-------
 Cast: Magic Dart        |    62 |    24 ||    86
       Searing Ray       |     6 |    22 ||    28
  Eat: Chunk             |     2 |     5 ||     7
       Ration            |       |     1 ||     1
Armor: Robe              |     3 |       ||     3
       Leather armour    |       |     1 ||     1
Dodge: Dodged            |    21 |     7 ||    28
